AoeStats
← Tysanti

Arena

510435191Analyzed
1v1 RM · 24h ago on Oct 1, 2026· 26m 50s· 2 players
Game mode
Random Map
Map size
Tiny (2 player)
Population
200
Speed
Normal
Resources
Standard
Victory
Conquest
Starting age
Dark Age
Ending age
Imperial Age
RankedLock teamsTeams togetherTeam positionsShared explorationLock speedFull tech treeHidden civsTurbo modeCheats
Victory
Defeat
🇵🇪 Portuguese · Peru
320
+13
🇦🇷 Khmer · Argentina
248
-13
Tysanti
11:25 Feudal Age
10:54 Loom
18:40 Castle Age
19:23 Horse Collar
20:19 Heavy Plow
20:50 Double-Bit Axe
22:21 Bow Saw
22:20 Gold Mining
22:20 Stone Mining
23:41 Wheelbarrow
24:25 Masonry
24:11 Murder Holes
25:10 Light Cavalry
26:15 Stone Mining
27:15 Bloodlines
Guccifer
0:37 Loom
9:08 Feudal Age
18:00 Castle Age
16:33 Stone Mining
17:23 Wheelbarrow
Connection lost

Rejoining the realm…

Still unreachable

The connection could not be restored.

Session expired

The server has moved on; the page needs a fresh start.